[Event "December 5 Late 2023"]
[Site "https://www.chess.com"]
[Date "2023.12.05"]
[Round "3"]
[White "Biliy, Vadim"]
[Black "Sailer, Mike"]
[Result "1/2-1/2"]
[Board "181"]
[TimeControl "180+1"]
[WhiteFideId "14114127"]
[BlackFideId "2012901"]
[WhiteElo "2320"]
[BlackElo "2038"]
[WhiteTeam "UKR"]
[BlackTeam "USA"]
[WhiteClock "0:00:01"]
[BlackClock "0:00:08"]

1. d4 d5 2. Nf3 Bf5 3. e3 e6 4. c4 Nc6 5. a3 Nf6 6. Nbd2 Be7 7. Be2 O-O 8. O-O a6 9. b4 dxc4 10. Nxc4 Ne4 11. Bb2 h6 12. Nfd2 Nxd2 13. Nxd2 Bf6 14. Bf3 Qd7 15. Rc1 Nd8 16. e4 Bh7 17. Nb3 c6 18. Nc5 Qc8 19. Qe2 Bg5 20. Rc2 f5 21. Qc4 fxe4 22. Bxe4 Bxe4 23. Nxe4 Nf7 24. Re2 Qd7 25. Nxg5 Nxg5 26. h4 Nf7 27. Qxe6 Qxe6 28. Rxe6 Rad8 29. Re7 Nd6 30. Rfe1 Nc4 31. R1e2 Rf7 32. Re8+ Rxe8 33. Rxe8+ Kh7 34. Bc1 Rd7 35. Re4 Kg6 36. g4 h5 37. f3 hxg4 38. fxg4 Rf7 39. Kg2 Rd7 40. h5+ Kf7 41. a4 Rd5 42. Kf3 Nd6 43. Bf4 Nxe4 44. Kxe4 Rd7 45. g5 Re7+ 46. Be5 Ke6 47. b5 Rf7 48. bxc6 bxc6 49. h6 gxh6 50. gxh6 Rh7 51. Bf4 Rh8 52. Bg5 Rg8 53. Bf4 Rg1 54. Be5 Rh1 55. Bg7 Rh4+ 56. Kd3 Kd5 57. Kc3 Rh3+ 58. Kb4 Rh4 59. Ka5 c5 60. dxc5 Kxc5 61. Bf8+ Kc6 62. Bg7 Kb7 63. Bf8 Rh5+ 64. Kb4 Kc6 65. Bg7 Rh4+ 66. Ka5 Kb7 67. Bf8 Rh5+ 68. Kb4 a5+ 69. Kc4 Kc6 70. Bg7 Rh4+ 71. Kd3 Kd5 72. Ke3 Rh3+ 73. Kf4 Kc4 74. Kg4 Rh1 75. Kg5 Kb3 76. Kg6 Kxa4 77. Bc3 Rg1+ 78. Kf7 Rh1 79. Kg7 Kb5 80. Bxa5 Kxa5 81. h7 Rxh7+ 82. Kxh7 1/2-1/2

[Event "December 5 Late 2023"]
[Site "https://www.chess.com"]
[Date "2023.12.05"]
[Round "3"]
[White "Smirnov, Timofey"]
[Black "Rose, Felix"]
[Result "0-1"]
[Board "182"]
[TimeControl "180+1"]
[WhiteFideId "24176427"]
[BlackFideId "5105722"]
[WhiteElo "2053"]
[BlackElo "2313"]
[WhiteTeam "RUS"]
[BlackTeam "MEX"]
[WhiteClock "0:00:00"]
[BlackClock "0:01:01"]

1. d4 Nf6 2. Bf4 d5 3. e3 e6 4. Nd2 Bd6 5. Bg3 O-O 6. Ngf3 c5 7. c3 b6 8. Ne5 Bb7 9. Ndf3 Nc6 10. Bd3 Qc7 11. O-O Ne7 12. Re1 Ne4 13. Bxe4 dxe4 14. Nd2 Nf5 15. Qc2 cxd4 16. exd4 e3 17. fxe3 Nxg3 18. hxg3 f6 19. Nef3 Bxg3 20. Nf1 Bxe1 21. Rxe1 e5 22. Kf2 Rad8 23. Ng3 Rfe8 24. Rh1 g6 25. Nh5 gxh5 26. Rxh5 Bxf3 27. gxf3 exd4 28. exd4 Re7 29. Qf5 Rde8 0-1

[Event "December 5 Late 2023"]
[Site "https://www.chess.com"]
[Date "2023.12.05"]
[Round "3"]
[White "Silvestre, Christian"]
[Black "Desideri, Ricardo Maruchi"]
[Result "1-0"]
[Board "183"]
[TimeControl "180+1"]
[WhiteFideId "30956269"]
[BlackFideId "2110440"]
[WhiteElo "2312"]
[BlackElo "2021"]
[WhiteTeam "USA"]
[BlackTeam "BRA"]
[WhiteClock "0:00:14"]
[BlackClock "0:00:00"]

1. e4 c5 2. Nc3 e6 3. Qe2 Nc6 4. Nf3 Nge7 5. b3 a6 6. Bb2 d5 7. exd5 exd5 8. O-O-O Be6 9. d4 cxd4 10. Nxd4 Nxd4 11. Rxd4 g6 12. Qe5 Rg8 13. Ne4 Bg7 14. Nf6+ Bxf6 15. Qxf6 Nc6 16. Rh4 h5 17. Rf4 Qe7 18. Bd3 O-O-O 19. Qxe7 Nxe7 20. Bf6 Rd7 21. Bxe7 Rxe7 22. Re1 Rd7 23. h4 b5 24. Kb2 Kb7 25. Kc3 Rc8+ 26. Kd4 Rdc7 27. Re2 Ka7 28. a3 Kb6 29. a4 b4 30. Bxg6 Bg4 31. f3 1-0

[Event "December 5 Late 2023"]
[Site "https://www.chess.com"]
[Date "2023.12.05"]
[Round "3"]
[White "Panuganti, Kireet"]
[Black "Antonio, Jorge Carlos"]
[Result "0-1"]
[Board "184"]
[TimeControl "180+1"]
[WhiteFideId "30903297"]
[BlackFideId "113190"]
[WhiteElo "2017"]
[BlackElo "2311"]
[WhiteTeam "USA"]
[BlackTeam "ARG"]
[WhiteClock "0:00:00"]
[BlackClock "0:01:31"]

1. e4 c5 2. Nf3 e6 3. d4 cxd4 4. Nxd4 a6 5. Nc3 Nf6 6. g3 Nc6 7. Nb3 Bb4 8. Bg2 d5 9. O-O Bxc3 10. bxc3 dxe4 11. Ba3 Qxd1 12. Raxd1 Bd7 13. Nc5 O-O-O 14. Rb1 Na5 15. Nxe4 Bc6 16. Nxf6 gxf6 17. Bxc6 Nxc6 18. Rfd1 Rxd1+ 19. Rxd1 Rd8 20. Rxd8+ Kxd8 21. Kf1 Kd7 22. Ke2 Na5 23. Kd3 b5 24. Bb4 Nc4 25. Kd4 Kc6 26. Be7 f5 27. f3 e5+ 28. Kd3 Kd5 29. Bf6 Nb2+ 30. Kd2 Nc4+ 31. Kd3 e4+ 32. fxe4+ fxe4+ 33. Ke2 Ke6 34. Bd4 f5 35. Bh8 h5 36. Bd4 Kd5 37. Bf6 Na3 0-1

[Event "December 5 Late 2023"]
[Site "https://www.chess.com"]
[Date "2023.12.05"]
[Round "3"]
[White "Bongo Akanga Ndjila, Barthelemy"]
[Black "Kujawski, Adam"]
[Result "1-0"]
[Board "185"]
[TimeControl "180+1"]
[WhiteFideId "10609431"]
[BlackFideId "1100920"]
[WhiteElo "2009"]
[BlackElo "2309"]
[WhiteTeam "GAB"]
[BlackTeam "POL"]
[WhiteClock "0:00:04"]
[BlackClock "0:00:18"]

1. d4 Nf6 2. c4 e6 3. Nf3 c5 4. d5 d6 5. Nc3 g6 6. e4 Bg7 7. Be2 O-O 8. O-O exd5 9. cxd5 Re8 10. Nd2 Nbd7 11. Kh1 Ne5 12. f3 g5 13. Rb1 b6 14. Nc4 Nh5 15. g3 Bh3 16. Re1 Nxc4 17. Bxc4 Qf6 18. Be3 Qg6 19. Bb5 Re7 20. Ne2 g4 21. Ng1 Rxe4 22. Nxh3 gxh3 23. Bd3 Rae8 24. fxe4 Be5 25. Rg1 Nf6 26. Qf3 h5 27. Rbf1 Ng4 28. Bf4 Bxb2 29. e5 Qg7 30. exd6 Bd4 31. d7 Rd8 32. Bf5 Qf6 33. Bc7 Be5 34. Bxd8 Qxd8 35. Bxg4 hxg4 36. Qxg4+ Kf8 37. Qxh3 Bd4 38. Qh8+ Ke7 39. Re1+ Kxd7 40. Qxd8+ Kxd8 41. Rgf1 Kc7 42. Rxf7+ Kd6 43. Rxa7 Kxd5 44. Rb7 c4 45. Ra7 b5 46. Rd7+ Kc5 47. Rd1 Be3 48. Rc7+ Kb4 49. Re7 Bc5 50. Re5 c3 51. Rc1 Kc4 52. Rxc3+ Kxc3 53. Rxc5+ Kb4 54. Rf5 Ka4 55. Rf2 b4 56. Kg2 Ka3 57. g4 b3 58. axb3 Kxb3 59. g5 Kc4 60. g6 Kb4 61. g7 Kc5 62. g8=Q Kd6 63. Qg5 Kd7 64. Rf5 Kc7 65. Rf6 1-0

[Event "December 5 Late 2023"]
[Site "https://www.chess.com"]
[Date "2023.12.05"]
[Round "3"]
[White "Winkels, Marcel"]
[Black "Rian, Kapriaga"]
[Result "0-1"]
[Board "186"]
[TimeControl "180+1"]
[WhiteFideId "1003887"]
[BlackFideId "7103263"]
[WhiteElo "2001"]
[BlackElo "2305"]
[WhiteTeam "NED"]
[BlackTeam "INA"]
[WhiteClock "0:00:00"]
[BlackClock "0:00:29"]

1. e4 c6 2. d4 d5 3. exd5 cxd5 4. Bd3 Nc6 5. c3 Qc7 6. Ne2 Bg4 7. Qb3 Bxe2 8. Bxe2 Nxd4 9. Qa4+ Nc6 10. O-O e6 11. Nd2 Bd6 12. Nf3 Ne7 13. Qh4 h6 14. Re1 Nf5 15. Qh3 O-O-O 16. Bd3 Nfe7 17. b4 Kb8 18. a4 Rc8 19. Bb2 g5 20. Nd4 Nxd4 21. cxd4 Nc6 22. b5 Na5 23. Rec1 Qd7 24. Qf3 h5 25. Qe2 g4 26. Qd2 Nb3 27. Qd1 Nxa1 28. Rxa1 f5 29. Qb3 g3 30. fxg3 h4 31. h3 Rcg8 32. b6 a6 33. Qd1 Rxg3 34. Bf1 Rhg8 35. Kh1 Qg7 0-1

[Event "December 5 Late 2023"]
[Site "https://www.chess.com"]
[Date "2023.12.05"]
[Round "3"]
[White "Modric, Nesa"]
[Black "Monteiro, Luis Felipe Furtado"]
[Result "0-1"]
[Board "187"]
[TimeControl "180+1"]
[WhiteFideId "922579"]
[BlackFideId "22702806"]
[WhiteElo "2304"]
[BlackElo "2001"]
[WhiteTeam "SRB"]
[BlackTeam "BRA"]
[WhiteClock "0:00:00"]
[BlackClock "0:00:07"]

1. e4 c6 2. d4 d5 3. e5 c5 4. c3 Nc6 5. Be2 Bf5 6. Nf3 e6 7. O-O Nge7 8. a3 Bxb1 9. Rxb1 Ng6 10. b4 cxd4 11. cxd4 Be7 12. g3 O-O 13. h4 Re8 14. h5 Nf8 15. Kg2 Rc8 16. h6 g6 17. Be3 a6 18. Qd2 b5 19. Rbc1 Nd7 20. Ne1 Nb6 21. f4 Nc4 22. Qd3 a5 23. g4 axb4 24. axb4 Nxb4 25. Qb3 Qc7 26. Nf3 Ra8 27. Ra1 Rxa1 28. Rxa1 Nxe3+ 29. Qxe3 Nc2 30. Qc1 Qc3 31. Kf2 Qxa1 32. Qxc2 b4 33. f5 Qc3 34. Qa4 Rc8 35. fxe6 fxe6 36. Qd7 Qxf3+ 37. Kxf3 Rc3+ 38. Kg2 Kf7 39. Qb5 b3 40. Bf3 Rc2+ 41. Kg3 b2 42. g5 Bxg5 43. Bg4 Be7 44. Qb6 Rc3+ 45. Kg2 Rc2+ 46. Kg3 Rc3+ 47. Bf3 Ba3 48. Qb7+ Ke8 49. Qb8+ Kd7 50. Qb7+ Rc7 51. Qb5+ Ke7 52. Qb3 Ra7 53. Bg4 Kf7 0-1

[Event "December 5 Late 2023"]
[Site "https://www.chess.com"]
[Date "2023.12.05"]
[Round "3"]
[White "Boggiano Pereira, Miguel A."]
[Black "Skibbe, Willi"]
[Result "0-1"]
[Board "188"]
[TimeControl "180+1"]
[WhiteFideId "3102750"]
[BlackFideId "4682190"]
[WhiteElo "1977"]
[BlackElo "2300"]
[WhiteTeam "PUR"]
[BlackTeam "GER"]
[WhiteClock "0:00:00"]
[BlackClock "0:00:08"]

1. c4 e6 2. e4 d5 3. cxd5 exd5 4. exd5 Nf6 5. Bb5+ Bd7 6. Bc4 Bd6 7. h3 O-O 8. Ne2 b5 9. Bb3 Na6 10. d4 Nb4 11. Nbc3 a5 12. a3 a4 13. axb4 axb3 14. Rxa8 Qxa8 15. Qxb3 Bf5 16. O-O Bd3 17. Be3 Bc4 18. Qa3 Nxd5 19. Ra1 Qc6 20. Qa6 Qxa6 21. Rxa6 Nxb4 22. Ra7 Rb8 23. Nf4 Nc6 24. Ra1 b4 25. Ncd5 Ne7 26. Nxe7+ Bxe7 27. Rc1 Bb5 28. Rxc7 Bd6 29. Ra7 h6 30. g3 Bc4 31. Rd7 Bf8 32. Ra7 g5 33. Ra4 gxf4 34. Bxf4 Rb7 35. Ra8 Rd7 36. Be5 Be6 37. Rb8 b3 38. f4 Bd5 39. Kf2 f6 40. Bxf6 Kf7 41. Be5 Bd6 42. Bxd6 Rxd6 43. Rh8 Kg7 44. Rb8 Rc6 45. Rb7+ Kg6 46. Ke3 Bf7 47. Rb5 Rc2 48. h4 Rxb2 49. h5+ Kg7 50. Kd3 Rg2 51. g4 Rxg4 52. Ke4 Rg3 53. d5 Bxh5 54. d6 Be8 0-1

[Event "December 5 Late 2023"]
[Site "https://www.chess.com"]
[Date "2023.12.05"]
[Round "3"]
[White "Dmitriev, Sergey"]
[Black "Khokhlova, Daria"]
[Result "0-1"]
[Board "189"]
[TimeControl "180+1"]
[WhiteFideId "14101785"]
[BlackFideId "24182729"]
[WhiteElo "1959"]
[BlackElo "2297"]
[WhiteTeam "UKR"]
[BlackTeam "FID"]
[WhiteClock "0:00:32"]
[BlackClock "0:00:38"]

1. e4 c5 2. Nf3 d6 3. c3 Nf6 4. Qc2 Qc7 5. Bc4 e6 6. d4 Be7 7. O-O O-O 8. Bg5 h6 9. Bh4 cxd4 10. cxd4 d5 11. e5 Qxc4 12. Qxc4 dxc4 13. exf6 Bxf6 14. Bxf6 gxf6 15. Nbd2 b6 16. Nxc4 Bb7 17. Rac1 Bxf3 18. gxf3 Na6 19. a3 Rac8 20. Nd6 Rc7 21. Rxc7 Nxc7 22. Rc1 Nd5 23. Nb5 a6 24. Nc7 Rc8 25. Re1 Rxc7 26. Kg2 Rc2 27. b4 Ra2 28. Rc1 Rxa3 29. Rc8+ Kg7 30. Rb8 b5 31. f4 Nxb4 32. Rb7 Nd3 33. f3 Nxf4+ 34. Kg3 Nd5 35. Kg4 b4 36. Rb8 b3 37. f4 a5 38. f5 Ne3+ 39. Kf4 Nxf5 40. d5 a4 41. dxe6 fxe6 42. Rb7+ Kg6 43. h3 Ra2 44. Rb8 b2 45. Rg8+ Kf7 46. Rg1 a3 47. h4 Ra1 48. h5 Rxg1 0-1

[Event "December 5 Late 2023"]
[Site "https://www.chess.com"]
[Date "2023.12.05"]
[Round "4"]
[White "Drygalov, Andrey"]
[Black "Carlsen, Magnus"]
[Result "0-1"]
[Board "1"]
[TimeControl "180+1"]
[WhiteFideId "24171735"]
[BlackFideId "1503014"]
[WhiteElo "2968"]
[BlackElo "3309"]
[WhiteTeam "RUS"]
[BlackTeam "NOR"]
[WhiteClock "0:00:00"]
[BlackClock "0:00:06"]

1. e4 c6 2. Nf3 Na6 3. d4 Nc7 4. Nc3 g6 5. Bd3 d5 6. h3 Bg7 7. O-O Nh6 8. Ne2 O-O 9. c3 f6 10. Ng3 Nf7 11. Re1 e5 12. dxe5 fxe5 13. Bc2 Re8 14. Be3 Be6 15. Qe2 d4 16. cxd4 exd4 17. Bf4 c5 18. Bd3 a5 19. Qc2 b6 20. a3 a4 21. e5 Bb3 22. Qc1 Ne6 23. Bb5 Rf8 24. Bd2 Bd5 25. Ne4 Nxe5 26. Nxe5 Bxe5 27. Nxc5 Nxc5 28. Rxe5 Nb3 29. Rxd5 Qf6 30. Qe1 Nxa1 31. Bg5 Nc2 32. Qd2 Qf7 33. Rd7 Qb3 34. Bd3 Rac8 35. Bxc2 Rxc2 36. Qxd4 Qxb2 37. Qd5+ Kh8 38. Qb7 Rcxf2 39. Rxh7+ Kg8 40. Re7 R2f7 41. Rxf7 Rxf7 42. Qd5 Qxa3 43. Qe6 Qd3 44. Qe8+ Kg7 45. Be3 Qd1+ 46. Kh2 Qd6+ 47. Kg1 Re7 48. Bd4+ Qxd4+ 0-1

[Event "December 5 Late 2023"]
[Site "https://www.chess.com"]
[Date "2023.12.05"]
[Round "4"]
[White "Nakamura, Hikaru"]
[Black "Svane, Frederik"]
[Result "1-0"]
[Board "2"]
[TimeControl "180+1"]
[WhiteFideId "2016192"]
[BlackFideId "12923044"]
[WhiteElo "3241"]
[BlackElo "2938"]
[WhiteTeam "USA"]
[BlackTeam "GER"]
[WhiteClock "0:00:20"]
[BlackClock "0:00:03"]

1. Nf3 d5 2. g3 Nf6 3. Bg2 e6 4. O-O Be7 5. d3 c5 6. Nbd2 Nc6 7. e4 O-O 8. Re1 b5 9. e5 Nd7 10. Nf1 a5 11. h4 b4 12. Bf4 a4 13. a3 bxa3 14. bxa3 Qc7 15. Ne3 Nd4 16. Nxd5 exd5 17. e6 Qc6 18. exd7 Qxd7 19. Ne5 Qd8 20. c3 Ne6 21. Nc6 Qd7 22. Bxd5 Bb7 23. Qf3 Bf6 24. Be5 Bxe5 25. Rxe5 Bxc6 26. Bxc6 Qd6 27. Rae1 Rad8 28. Bb5 Nc7 29. Bc4 Rd7 30. h5 h6 31. Qe3 Na8 32. Rd5 Qc7 33. Rxd7 Qxd7 34. Qxc5 Rc8 35. Qe7 Qxe7 36. Rxe7 Nb6 37. Bxf7+ Kf8 38. Rb7 Rxc3 39. Bg6 Nc8 40. Rf7+ Kg8 41. d4 1-0

[Event "December 5 Late 2023"]
[Site "https://www.chess.com"]
[Date "2023.12.05"]
[Round "4"]
[White "Svane, Rasmus"]
[Black "Naroditsky, Daniel"]
[Result "0-1"]
[Board "3"]
[TimeControl "180+1"]
[WhiteFideId "4657101"]
[BlackFideId "2026961"]
[WhiteElo "2938"]
[BlackElo "3174"]
[WhiteTeam "GER"]
[BlackTeam "USA"]
[WhiteClock "0:00:00"]
[BlackClock "0:00:02"]

1. Nf3 d6 2. d4 Bg4 3. e4 Nf6 4. Nc3 e6 5. h3 Bh5 6. Qe2 c6 7. g4 Bg6 8. h4 h5 9. g5 Nfd7 10. d5 cxd5 11. exd5 e5 12. Be3 Na6 13. a3 Rc8 14. Bh3 Be7 15. Nd2 Nac5 16. Nf1 b5 17. Ng3 Na4 18. Nxa4 bxa4 19. c4 Rb8 20. O-O Qc7 21. f4 exf4 22. Rxf4 Ne5 23. Bd4 Rb3 24. Kh2 O-O 25. Nxh5 Nf3+ 26. Rxf3 Bxh5 27. Bg2 Qd7 28. Qe4 Bxf3 29. Bxf3 f5 30. gxf6 Bxf6 31. Bg4 Qe8 32. Be6+ Kh8 33. Rg1 Qh5 34. Bxf6 Rxf6 35. Rg2 Rh6 36. Rg4 Rxb2+ 37. Kg3 Rf6 0-1

[Event "December 5 Late 2023"]
[Site "https://www.chess.com"]
[Date "2023.12.05"]
[Round "4"]
[White "Firouzja, Alireza"]
[Black "Sjugirov, Sanan"]
[Result "1-0"]
[Board "4"]
[TimeControl "180+1"]
[WhiteFideId "12573981"]
[BlackFideId "4189302"]
[WhiteElo "3155"]
[BlackElo "2920"]
[WhiteTeam "FRA"]
[BlackTeam "HUN"]
[WhiteClock "0:00:03"]
[BlackClock "0:00:00"]

1. d4 Nf6 2. Bg5 d5 3. e3 c6 4. Bd3 Bg4 5. f3 Bh5 6. Nc3 Nbd7 7. Nge2 Bg6 8. e4 dxe4 9. Nxe4 Nxe4 10. fxe4 Qa5+ 11. Bd2 Qc7 12. e5 e6 13. O-O Bxd3 14. cxd3 Nb6 15. a4 Nd5 16. a5 Be7 17. Ng3 f5 18. exf6 Bxf6 19. Qh5+ Qf7 20. Qxf7+ Kxf7 21. Ne4 Kg6 22. Nxf6 gxf6 23. Rae1 Rae8 24. Re4 h5 25. Rf3 Rh7 26. Rg3+ Kf7 27. Rh3 a6 28. Kf2 Ne7 29. Rf3 Nd5 30. Bg5 Rg7 31. Bh4 Rg6 32. g3 Rd8 33. Re5 Rh8 34. Ke2 Ke7 35. Kd2 Kd7 36. Re2 f5 37. h3 Rhg8 38. Kc2 Kd6 39. Kb3 R8g7 40. Kc4 Rg8 41. Rf1 R8g7 42. Rfe1 Rg8 43. Re5 R8g7 44. Bd8 Rg8 45. Bh4 R8g7 46. Kb3 Rg8 47. Kc2 R8g7 48. Kd2 Rg8 49. Ke2 R8g7 50. Kf3 Rg8 51. R5e2 Kd7 52. Rg2 R8g7 53. Reg1 Rg8 54. Rf2 R8g7 55. Re1 Rg8 56. Ke2 Kd6 57. Kd2 Kd7 58. Kc2 R8g7 59. Kb3 Rg8 60. Kc4 Kd6 61. Rfe2 R8g7 62. Bd8 Rg8 63. Bb6 Kd7 64. Bc5 Re8 65. Rg2 Reg8 66. Rge2 Rh6 67. Rg1 h4 68. g4 fxg4 69. hxg4 Rhg6 70. Rf1 Rf6 71. Rxf6 Nxf6 72. Rf2 Nxg4 73. Rf7+ Kc8 74. Bd6 h3 75. Rc7+ Kd8 76. Rxb7 Rg5 77. Rh7 Ne3+ 78. Kc3 Rd5 79. Bc5 1-0

[Event "December 5 Late 2023"]
[Site "https://www.chess.com"]
[Date "2023.12.05"]
[Round "4"]
[White "Zhigalko, Sergei"]
[Black "Aronian, Levon"]
[Result "1-0"]
[Board "5"]
[TimeControl "180+1"]
[WhiteFideId "13502956"]
[BlackFideId "13300474"]
[WhiteElo "2916"]
[BlackElo "3120"]
[WhiteTeam "BLR"]
[BlackTeam "USA"]
[WhiteClock "0:00:06"]
[BlackClock "0:00:00"]

1. e4 c5 2. Nf3 e6 3. c3 Nf6 4. e5 Nd5 5. Bc4 d6 6. d4 Nb6 7. Bd3 Bd7 8. dxc5 dxc5 9. Qe2 Bc6 10. O-O Qc7 11. Bf4 h6 12. Nbd2 N8d7 13. Ne4 O-O-O 14. Nd6+ Bxd6 15. exd6 Qb8 16. Ne5 Nxe5 17. Qxe5 Nd7 18. Qe3 e5 19. Bg3 Qxd6 20. Bf5 f6 21. Rad1 Qe7 22. f4 e4 23. b4 b6 24. a4 cxb4 25. cxb4 Kb8 26. a5 bxa5 27. Bf2 Nb6 28. bxa5 Nd5 29. Qb3+ Ka8 30. Qc4 Qb7 31. Bxe4 Ne7 32. a6 Qc7 33. Rc1 Rc8 34. Qb4 Rb8 35. Qa4 Rhc8 36. Rxc6 Nxc6 37. Rc1 Rb2 38. Rxc6 Rb1+ 39. Rc1+ 1-0

[Event "December 5 Late 2023"]
[Site "https://www.chess.com"]
[Date "2023.12.05"]
[Round "4"]
[White "Melkumyan, Hrant"]
[Black "Nepomniachtchi, Ian"]
[Result "0-1"]
[Board "6"]
[TimeControl "180+1"]
[WhiteFideId "13302485"]
[BlackFideId "4168119"]
[WhiteElo "2912"]
[BlackElo "3107"]
[WhiteTeam "ARM"]
[BlackTeam "RUS"]
[WhiteClock "0:00:00"]
[BlackClock "0:00:52"]

1. Nf3 c5 2. c4 g6 3. d4 cxd4 4. Nxd4 Bg7 5. e4 Qb6 6. Nb3 Nc6 7. Nc3 Bxc3+ 8. bxc3 Nf6 9. Bd3 d6 10. O-O Ne5 11. Be3 Qc7 12. Bd4 Nxd3 13. Qxd3 e5 14. Be3 b6 15. Rfd1 Be6 16. f3 Rd8 17. Nd2 h6 18. a4 Kf8 19. a5 Kg7 20. Rdb1 Nd7 21. Qe2 Rb8 22. Rb5 Rhc8 23. axb6 axb6 24. Ra4 Ra8 25. Rab4 Ra3 26. Qd3 Nc5 27. Qc2 Rca8 28. h3 Ra1+ 29. Kh2 Re1 30. Bxc5 bxc5 31. Rb1 Rxb1 32. Qxb1 Ra3 33. Rb3 Ra4 34. Rb6 Qd8 35. Qb3 Ra1 36. Rb8 Qg5 37. Nb1 Qf4+ 38. Kh1 Bxh3 39. gxh3 Qxf3+ 40. Kh2 Qf2+ 41. Kh1 Ra2 42. Qxa2 Qxa2 0-1

[Event "December 5 Late 2023"]
[Site "https://www.chess.com"]
[Date "2023.12.05"]
[Round "4"]
[White "Demchenko, Anton"]
[Black "Erigaisi Arjun"]
[Result "0-1"]
[Board "7"]
[TimeControl "180+1"]
[WhiteFideId "4160258"]
[BlackFideId "35009192"]
[WhiteElo "2895"]
[BlackElo "3105"]
[WhiteTeam "SLO"]
[BlackTeam "IND"]
[WhiteClock "0:00:15"]
[BlackClock "0:01:11"]

1. e4 c6 2. d4 d5 3. e5 Bf5 4. Bd3 Bxd3 5. Qxd3 e6 6. c3 c5 7. Ne2 Nc6 8. O-O Nge7 9. Nd2 Nf5 10. Nf3 h5 11. Ng3 g6 12. Nxf5 gxf5 13. Bg5 Be7 14. h4 Rg8 15. Rfd1 cxd4 16. cxd4 Qb6 17. Rac1 Rc8 18. Rc3 Bb4 19. Rc2 Kd7 20. a3 Be7 21. b4 a6 22. Qd2 a5 23. b5 Qxb5 24. Rb2 Qa6 25. Rdb1 Bxa3 26. Rxb7+ Rc7 27. Rxc7+ Kxc7 28. Qd1 Rb8 29. Ra1 Bb2 30. Ra4 Rb4 31. Be3 Rxa4 32. Qxa4 Qc4 33. Qd1 a4 34. Nd2 Qb5 35. Qxh5 a3 36. Qxf7+ Kb6 37. h5 a2 38. h6 a1=Q+ 39. Kh2 Bxd4 40. Bxd4+ Qxd4 41. Nf3 Qf4+ 42. Kh3 Qxh6+ 0-1

[Event "December 5 Late 2023"]
[Site "https://www.chess.com"]
[Date "2023.12.05"]
[Round "4"]
[White "Ashraf, Artin"]
[Black "Nihal Sarin"]
[Result "0-1"]
[Board "8"]
[TimeControl "180+1"]
[WhiteFideId "22514805"]
[BlackFideId "25092340"]
[WhiteElo "2891"]
[BlackElo "3093"]
[WhiteTeam "IRI"]
[BlackTeam "IND"]
[WhiteClock "0:00:01"]
[BlackClock "0:00:12"]

1. Nf3 d5 2. e3 Nf6 3. c4 c6 4. Nc3 g6 5. d4 Bg7 6. Be2 O-O 7. O-O a6 8. a4 a5 9. b3 Ne4 10. Bb2 Nxc3 11. Bxc3 Bg4 12. Qd2 e6 13. h3 Bxf3 14. Bxf3 Nd7 15. Rfc1 Re8 16. Rab1 Bf8 17. Bd1 Nf6 18. Bc2 Qc7 19. Bd3 Qb6 20. c5 Qc7 21. b4 axb4 22. Rxb4 Nd7 23. Rcb1 Ra7 24. a5 e5 25. Qb2 exd4 26. exd4 Qxa5 27. Rxb7 Rxb7 28. Bxa5 Rxb2 29. Rxb2 Bg7 30. Bc3 Nxc5 31. dxc5 Bxc3 32. Rb6 Re1+ 33. Kh2 Bd4 34. Rxc6 Bxf2 35. Rc8+ Kg7 36. Ba6 Bg1+ 37. Kg3 Re3+ 38. Kf4 Kf6 39. Rc6+ Re6 40. Bb5 Bh2+ 41. Kf3 Ke5 42. Rc8 Kd4 43. c6 Re3+ 44. Kg4 Rg3+ 45. Kh4 Rxg2 46. Rf8 Bf4 47. Rxf7 Bg5# 0-1

[Event "December 5 Late 2023"]
[Site "https://www.chess.com"]
[Date "2023.12.05"]
[Round "4"]
[White "Bortnyk, Olexandr"]
[Black "Margvelashvili, Giorgi"]
[Result "1-0"]
[Board "9"]
[TimeControl "180+1"]
[WhiteFideId "14120828"]
[BlackFideId "13602926"]
[WhiteElo "3088"]
[BlackElo "2864"]
[WhiteTeam "UKR"]
[BlackTeam "GEO"]
[WhiteClock "0:00:44"]
[BlackClock "0:00:03"]

1. e4 c6 2. d4 d5 3. Nc3 dxe4 4. Nxe4 Bf5 5. Ng3 Bg6 6. f4 e6 7. Nf3 Bd6 8. Bc4 Ne7 9. Qe2 O-O 10. O-O Qc7 11. Ne5 c5 12. dxc5 Bxc5+ 13. Kh1 Nbc6 14. Nxg6 hxg6 15. c3 Rad8 16. Ne4 Bb6 17. Ng5 Nf5 18. Bxe6 Rde8 19. Nxf7 Rxf7 20. Qc4 Nd8 21. Qxc7 Bxc7 22. Bxf7+ Kxf7 23. Bd2 Bb6 24. g4 Nd6 25. Rae1 Ne4 26. Bc1 Nf2+ 27. Kg2 Rxe1 28. Rxe1 Nxg4 29. b4 Nf2 30. Be3 Bxe3 31. Rxe3 Ng4 32. Rd3 Ke7 33. Kf3 Nf6 34. c4 Ne6 35. h4 Nh5 36. Ke4 Nhxf4 37. Rg3 Kf6 38. c5 a6 39. a4 Nh5 40. Rf3+ Ke7 41. Ke5 Nf6 42. Rg3 Nd7+ 43. Kd5 Nf6+ 44. Kc4 Kf7 45. Rg1 Ne4 46. Kd5 Nf6+ 47. Kd6 Ne4+ 48. Kd7 a5 49. Rf1+ Nf6+ 50. Kd6 axb4 51. a5 b3 52. c6 bxc6 53. a6 Nd4 54. Kc5 Nb5 55. Kxc6 Na7+ 56. Kb7 Nb5 57. Kb6 Nd6 58. Kc6 Nc8 59. Rf3 b2 60. Rb3 Ne4 61. Rxb2 Ned6 62. Rb7+ Ke6 63. Rxg7 Ne7+ 64. Rxe7+ Kxe7 65. a7 1-0

[Event "December 5 Late 2023"]
[Site "https://www.chess.com"]
[Date "2023.12.05"]
[Round "4"]
[White "Gokerkan, Cem Kaan"]
[Black "Oparin, Grigoriy"]
[Result "1-0"]
[Board "10"]
[TimeControl "180+1"]
[WhiteFideId "6336760"]
[BlackFideId "24125890"]
[WhiteElo "2864"]
[BlackElo "3059"]
[WhiteTeam "TUR"]
[BlackTeam "USA"]
[WhiteClock "0:00:29"]
[BlackClock "0:00:23"]

1. e4 c5 2. Nf3 Nc6 3. d4 cxd4 4. Nxd4 e5 5. Nb5 d6 6. c4 g6 7. N1c3 a6 8. Na3 Bg7 9. Be2 Nf6 10. O-O O-O 11. Nc2 Be6 12. b3 Qa5 13. Bd2 Rfc8 14. a4 Qb6 15. a5 Qd8 16. Nd5 Bxd5 17. cxd5 Nd4 18. Nxd4 exd4 19. Bd3 Nd7 20. b4 Rc7 21. Qb3 Rac8 22. Rac1 Ne5 23. h3 Rc3 24. Bxc3 Nxd3 25. Bd2 Nxc1 26. Rxc1 Rxc1+ 27. Bxc1 Qc8 28. Bd2 f5 29. Qd3 Kf7 30. Kf1 Be5 31. exf5 gxf5 32. g4 Kf6 33. f4 fxg4 34. fxe5+ dxe5 35. Qxh7 gxh3 36. Qh6+ Kf7 37. Qh7+ Kf6 38. d6 Qc4+ 39. Kf2 Qf7 40. Bg5+ 1-0

[Event "December 5 Late 2023"]
[Site "https://www.chess.com"]
[Date "2023.12.05"]
[Round "4"]
[White "Tari, Aryan"]
[Black "Kazakouski, Valery"]
[Result "1-0"]
[Board "11"]
[TimeControl "180+1"]
[WhiteFideId "1510045"]
[BlackFideId "13507443"]
[WhiteElo "3006"]
[BlackElo "2854"]
[WhiteTeam "NOR"]
[BlackTeam "LTU"]
[WhiteClock "0:00:26"]
[BlackClock "0:00:08"]

1. e4 c5 2. Nf3 a6 3. g3 b5 4. Bg2 Bb7 5. d4 cxd4 6. Nxd4 e6 7. O-O Nc6 8. a4 b4 9. Be3 Qc7 10. c3 Nf6 11. Nd2 bxc3 12. bxc3 Be7 13. Rb1 O-O 14. e5 Nd5 15. Bxd5 exd5 16. Nf5 Rfe8 17. Qg4 g6 18. Nh6+ Kg7 19. Qf4 Rf8 20. Ng4 g5 21. Qf5 h6 22. h4 f6 23. h5 Nxe5 24. Nxe5 fxe5 25. Qg6+ Kh8 26. Qxh6+ Kg8 27. Rb6 d6 28. Rfb1 Bc6 29. Bxg5 Rae8 30. Qg6+ Kh8 31. Qh6+ Kg8 32. Qe6+ Kh8 33. Bxe7 Rxe7 34. Rxc6 1-0

[Event "December 5 Late 2023"]
[Site "https://www.chess.com"]
[Date "2023.12.05"]
[Round "4"]
[White "Xiong, Jeffery"]
[Black "Gledura, Benjamin"]
[Result "1-0"]
[Board "12"]
[TimeControl "180+1"]
[WhiteFideId "2047640"]
[BlackFideId "712779"]
[WhiteElo "3006"]
[BlackElo "2851"]
[WhiteTeam "USA"]
[BlackTeam "HUN"]
[WhiteClock "0:00:45"]
[BlackClock "0:00:16"]

1. Nf3 c5 2. e4 Nc6 3. Bb5 e6 4. O-O Nge7 5. d4 cxd4 6. Nxd4 Ng6 7. Be3 Be7 8. Be2 O-O 9. c4 b6 10. Nc3 Bb7 11. Nb3 Bf6 12. f4 Bxc3 13. bxc3 d6 14. Qd3 e5 15. f5 Nf4 16. Bxf4 exf4 17. Rad1 Ne5 18. Qxd6 Qxd6 19. Rxd6 Rfd8 20. Rd4 Nc6 21. Rxd8+ Rxd8 22. Rxf4 Ba6 23. Kf2 Ne5 24. c5 Bxe2 25. Kxe2 bxc5 26. Nxc5 Rb8 27. Nd3 f6 28. Nxe5 fxe5 29. Rf2 Kf7 30. Kd3 Rd8+ 31. Kc4 Kf6 32. Kb5 Rb8+ 33. Ka5 Rc8 34. Rc2 Rc4 35. Kb5 Rxe4 36. c4 Ke7 37. c5 Kd7 38. Rd2+ Kc7 39. c6 Rg4 40. Rd7+ Kc8 41. g3 a6+ 42. Kxa6 Ra4+ 43. Kb6 Rxa2 44. Rxg7 Rb2+ 45. Kc5 Rxh2 46. f6 1-0